 Dungeon Crawl Stone Soup version 0.23-a0-378-gd7a6ca6 (console) character file.

70 bli the Poker (level 4, 0/35 HPs)
             Began as a Merfolk Monk on Oct 27, 2018.
             Was a Follower of Uskayaw.
             Slain by an orc
             ... wielding a +0 club
              (4 damage)
             ... on level 2 of the Dungeon.
             The game lasted 00:05:20 (1260 turns).

bli the Poker (Merfolk Monk)                        Turns: 1260, Time: 00:05:21

Health: 0/35       AC:  4    Str: 11    XL:     4   Next: 21%
Magic:  4/4        EV: 14    Int: 13    God:    Uskayaw [*.....]
Gold:   77         SH:  0    Dex: 17    Spells: 3/3 levels left

rFire    . . .     SeeInvis .   g - +0 spear
rCold    . . .     Gourm    .   (no shield)
rNeg     . . .     Faith    .   b - +0 robe
rPois    .         Spirit   .   t - +0 helmet
rElec    .         Reflect  .   (no cloak)
rCorr    .         Harm     .   m - +0 pair of gloves
MR       .....                  (no boots)
Stlth    ++........             (no amulet)
HPRegen  0.11/turn              f - +4 ring of intelligence
MPRegen  0.09/turn              (no ring)

@: very slightly contaminated
A: change form in water, swift swim, stealthy swim
a: Stomp, Renounce Religion


You were on level 2 of the Dungeon.
You worshipped Uskayaw.
Uskayaw was noncommittal.
You were not hungry.

You visited 1 branch of the dungeon, and saw 3 of its levels.

You collected 77 gold pieces.

Inventory:

Hand Weapons
 a - a +0 spear
 g - a +0 spear (weapon)
 u - a +0 halberd
Missiles
 h - 47 stones (quivered)
Armour
 b - a +0 robe (worn)
 m - a +0 pair of gloves (worn)
 t - a +0 helmet (worn)
Jewellery
 f - a +4 ring of intelligence (left hand)
Scrolls
 e - 2 scrolls of teleportation {unknown}
 i - a scroll of amnesia {unknown}
 l - a scroll of magic mapping {unknown}
 n - a scroll of blinking {unknown}
 q - a scroll of remove curse {unknown}
 s - a scroll of enchant weapon {unknown}
Potions
 d - a potion of degeneration {unknown}
 j - a potion of curing {unknown}
 k - 2 potions of magic {unknown}
 o - a potion of mutation {unknown}
 p - a potion of invisibility
 r - a potion of haste {unknown}
 w - a potion of flight {unknown}
Comestibles
 c - 2 rations
 v - 2 chunks of flesh


   Skills:
 + Level 3.5 Fighting
 * Level 7.0 Polearms
 - Level 4.0 Dodging
 - Level 2.1 Stealth


You had 3 spell levels left.
You didn't know any spells.
Your spell library was empty.

Dungeon Overview and Level Annotations

Branches:
Dungeon (3/15)

Altars:
Uskayaw

Annotations:
D:2 Sigmund


Message History

k - 2 lumpy cyan potions (gained 1)
The rat bites you but does no damage.
You hit the rat.
You kill the rat!
An orc comes into view. It is wielding a +0 morningstar.
The orc shouts!
You hear a shout! x2
An orc comes into view. It is wielding a +0 club.
An orc comes into view. It is wielding a +0 short sword.
You barely miss the orc. The orc hits you with a +0 morningstar!
* * * LOW HITPOINT WARNING * * *
You puncture the orc!
You kill the orc!
A giant cockroach comes into view.
There is a stone staircase leading up here.
The orc hits you but does no damage.
You climb upwards.
Level annotation: Sigmund
There is a stone staircase leading down here.
The orc hits you with a +0 club.
You die...

# ############
..##..........#
♣.........?...#
#..........#
♣.......o$.# ♣
♣.♣...@.@...#
....♣.........#
...............#
PPP♣♣♣###..#####
##..# #...#
#.#.# #.#.###
#.#...# #
#.###.# .# #.#
#.##.#


You could see Sigmund and an orc.

Vanquished Creatures
  Terence (D:3)
  An adder (D:2)
  2 oozes (D:1)
  An orc (D:3)
  A bat (D:1)
  2 giant cockroaches
  A goblin (D:3)
  2 hobgoblins
  4 jackals (D:3)
  5 kobolds
  A frilled lizard (D:1)
  3 rats
  A bush (D:2)
25 creatures vanquished.

Notes
Turn   | Place    | Note
-------+----------+-------------------------------------------
     0 | D:1      | bli the Merfolk Monk began the quest for the Orb.
     0 | D:1      | Reached XP level 1. HP: 18/18 MP: 1/1
   195 | D:1      | Reached skill level 5 in Polearms
   206 | D:1      | Reached XP level 2. HP: 22/24 MP: 2/2
   779 | D:2      | Reached skill level 6 in Polearms
   779 | D:2      | Reached XP level 3. HP: 26/29 MP: 3/3
  1104 | D:2      | Noticed Sigmund
  1116 | D:3      | Found a hide-covered altar of Uskayaw.
  1120 | D:3      | Noticed Terence
  1121 | D:3      | Became a worshipper of Uskayaw the Reveler
  1121 | D:3      | Reached * piety under Uskayaw
  1153 | D:3      | HP: 1/29 [Terence/+0 mace (5)]
  1168 | D:3      | Reached ** piety under Uskayaw
  1170 | D:3      | Killed Terence
  1170 | D:3      | Reached skill level 7 in Polearms
  1170 | D:3      | Reached XP level 4. HP: 3/35 MP: 4/4
  1260 | D:2      | Slain by an orc

Vault maps used:
D:1:      elethiomel_arrival_shortcut
D:2:      serial_forest, infiniplex_forest_lined_corner,
          infiniplex_forest_clump_medium, infiniplex_forest_lined_1,
          infiniplex_forest_3_way, infiniplex_forest_clump_medium,
          infiniplex_forest_end_2, infiniplex_forest_end_3, first_ration,
          uniq_sigmund
D:3:      lemuel_crystal_altar, chequers_ecumenical_altar_twisty, uniq_terence

Skill      XL: |  1  2  3 |
---------------+----------+-----
Polearms       | 5 6 7 |  7.0
Fighting       | |  3.5
Dodging        | |  4.0
Stealth        | |  2.1

Action                   |  1- 3 |  4- 6 || total
-------------------------+-------+-------++-------
Melee: Spear             |   284 |     7 ||   291
Throw: Stone             |     1 |       ||     1
Invok: Stomp             |     1 |       ||     1
  Use: Potion            |     1 |       ||     1
 Stab: Sleeping          |     4 |       ||     4
       Invisible         |     4 |     1 ||     5
  Eat: Chunk             |     1 |     1 ||     2
Armor: Robe              |     9 |     2 ||    11
Dodge: Dodged            |    79 |     2 ||    81

Table legend:
 A = Non-vault XP
 B = Vault XP
 C = Vault XP percentage of total XP
 D = Non-vault monster count
 E = Vault monster count
 F = Vault count percentage of total count
                 A         B        C        D         E       F
            +---------+---------+-------+---------+---------+-------
      Total |      62 |      38 |  38.0 |      23 |       1 |   4.2
            +---------+---------+-------+---------+---------+-------
        D:1 |      21 |       0 |   0.0 |       7 |       0 |   0.0
        D:2 |      22 |       0 |   0.0 |       5 |       0 |   0.0
        D:3 |      19 |      38 |  66.7 |      11 |       1 |   8.3
            +---------+---------+-------+---------+---------+-------
